| TOP OF THE 1ST |
|
Batavia Muckdogs batting - Pitching for Auburn Doubledays : RHP Steve Schneider
|
|
Pitching: RHP Steve Schneider
|
|
|
Batting: SHB Justin Corbett
|
0-0: Ball 1-0: Called Strike 1-1: Foul Ball, location: 2F 1-2: Strikes out swinging
|
|
Batting: RHB Andy Kelly
|
0-0: Reached on error, E7 (Flyball, 7LM, EV 90.0 MPH)
|
|
Batting: RHB Reomel Somera
|
0-0: Ball Andy Kelly is caught stealing 3rd base 2-5 1-0: Called Strike 1-1: Foul Ball, location: 2F 1-2: Ball 2-2: Ball 3-2: Strikes out swinging
|
| Top of the 1st over - 0 runs, 0 hits, 1 error, 0 left on base; Batavia 0 - Auburn 0 |
| BOTTOM OF THE 1ST |
|
Auburn Doubledays batting - Pitching for Batavia Muckdogs : RHP Mike Shields
|
|
Pitching: RHP Mike Shields
|
|
|
Batting: LHB Yasuo Igarashi
|
0-0: Ball 1-0: Ball 2-0: Ball 3-0: Called Strike 3-1: Ground out 6-3 (Groundball, 6, EV 80.0 MPH)
|
|
Batting: RHB Lamar Thornton
|
0-0: Foul Ball, location: 2F 0-1: Called Strike 0-2: Ball 1-2: Ball 2-2: Foul Ball, location: 2F 2-2: Fly out, F4 (Popup, 4M, EV 78.1 MPH)
|
|
Batting: RHB Leo Gutierrez
|
0-0: Called Strike 0-1: Ball 1-1: SINGLE (Line Drive, 7S, EV 101.9 MPH)
|
|
Batting: LHB Vince McLane
|
0-0: Foul Ball, location: 2F 0-1: Ground out 4-3 (Groundball, 34S, EV 80.0 MPH)
|
| Bottom of the 1st over - 0 runs, 1 hit, 0 errors, 1 left on base; Batavia 0 - Auburn 0 |
| TOP OF THE 2ND |
|
Batavia Muckdogs batting - Pitching for Auburn Doubledays : RHP Steve Schneider
|
|
Batting: RHB Justin Dunham
|
0-0: Called Strike 0-1: Foul Ball, location: 2F 0-2: Strikes out swinging
|
|
Batting: SHB Greg Rivera
|
0-0: Ball 1-0: Swinging Strike 1-1: Foul Ball, location: 2F 1-2: Fly out, F7 (Flyball, 7LS, EV 86.9 MPH)
|
|
Batting: RHB George Boivin
|
0-0: Ball 1-0: Called Strike 1-1: Foul Ball, location: 2F 1-2: Foul Ball, location: 2F 1-2: Ball 2-2: Strikes out swinging
|
| Top of the 2nd over - 0 runs, 0 hits, 0 errors, 0 left on base; Batavia 0 - Auburn 0 |
| BOTTOM OF THE 2ND |
|
Auburn Doubledays batting - Pitching for Batavia Muckdogs : RHP Mike Shields
|
|
Batting: RHB Scott Skoglund
|
0-0: Ball 1-0: Foul Ball, location: 2F 1-1: Swinging Strike 1-2: Ball 2-2: Foul Ball, location: 2F 2-2: Ground out 5-3 (Groundball, 56, EV 79.4 MPH)
|
|
Batting: RHB Travis Stanley
|
0-0: Called Strike 0-1: Swinging Strike 0-2: Ball 1-2: Strikes out swinging
|
|
Batting: LHB Adam Jacobs
|
0-0: Ball 1-0: Ground out 2-3 (Groundball, 2L, EV 74.4 MPH)
|
| Bottom of the 2nd over - 0 runs, 0 hits, 0 errors, 0 left on base; Batavia 0 - Auburn 0 |
| TOP OF THE 3RD |
|
Batavia Muckdogs batting - Pitching for Auburn Doubledays : RHP Steve Schneider
|
|
Batting: RHB Hiromitsu Yamada
|
0-0: Called Strike 0-1: Ball 1-1: Ball 2-1: Swinging Strike 2-2: Foul Ball, location: 2F 2-2: Strikes out swinging
|
|
Batting: RHB Jeremy Dennis
|
0-0: Ball 1-0: Called Strike 1-1: Ball 2-1: Swinging Strike 2-2: Strikes out looking
|
|
Batting: RHB Calvin Morin
|
0-0: Called Strike 0-1: Called Strike 0-2: Foul Ball, location: 2F 0-2: Strikes out swinging
|
| Top of the 3rd over - 0 runs, 0 hits, 0 errors, 0 left on base; Batavia 0 - Auburn 0 |
| BOTTOM OF THE 3RD |
|
Auburn Doubledays batting - Pitching for Batavia Muckdogs : RHP Mike Shields
|
|
Batting: RHB Joe Young
|
0-0: Foul Ball, location: 2F 0-1: Ball 1-1: Ball 2-1: Ball 3-1: Swinging Strike 3-2: Foul Ball, location: 2F 3-2: SINGLE (Line Drive, 6M, EV 96.2 MPH)
|
|
Batting: LHB Jim Weidman
|
0-0: Ball 1-0: Called Strike 1-1: Foul Ball, location: 2F 1-2: Strikes out swinging
|
|
Batting: LHB Yasuo Igarashi
|
0-0: Ball 1-0: Fielders Choice at 2nd, 2-4 (Groundball, 15S, EV 66.9 MPH)
|
|
Batting: RHB Lamar Thornton
|
0-0: Called Strike Yasuo Igarashi is caught stealing 2nd base 2-4
|
| Bottom of the 3rd over - 0 runs, 1 hit, 0 errors, 0 left on base; Batavia 0 - Auburn 0 |
| TOP OF THE 4TH |
|
Batavia Muckdogs batting - Pitching for Auburn Doubledays : RHP Steve Schneider
|
|
Batting: SHB Justin Corbett
|
0-0: Swinging Strike 0-1: Called Strike 0-2: Strikes out swinging
|
|
Batting: RHB Andy Kelly
|
0-0: Called Strike 0-1: Ball 1-1: Fly out, F8 (Flyball, 8LD, EV 99.4 MPH)
|
|
Batting: RHB Reomel Somera
|
0-0: SOLO HOME RUN (Flyball, 7D, EV 98.8 MPH), Distance : 392 ft
|
|
Batting: RHB Justin Dunham
|
0-0: Ball 1-0: Ball 2-0: Foul Ball, location: 2F 2-1: Ground out 5-3 (Groundball, 56S, EV 71.9 MPH)
|
| Top of the 4th over - 1 run, 1 hit, 0 errors, 0 left on base; Batavia 1 - Auburn 0 |
| BOTTOM OF THE 4TH |
|
Auburn Doubledays batting - Pitching for Batavia Muckdogs : RHP Mike Shields
|
|
Batting: RHB Lamar Thornton
|
0-0: Called Strike 0-1: Ball 1-1: Called Strike 1-2: Foul Ball, location: 2F 1-2: Ball 2-2: Ground out 5-3 (Groundball, 56, EV 110.6 MPH)
|
|
Batting: RHB Leo Gutierrez
|
0-0: Ground out 6-3 (Groundball, 6, EV 81.2 MPH)
|
|
Batting: LHB Vince McLane
|
0-0: Fly out, F9 (Line Drive, 89M, EV 101.2 MPH)
|
| Bottom of the 4th over - 0 runs, 0 hits, 0 errors, 0 left on base; Batavia 1 - Auburn 0 |
| TOP OF THE 5TH |
|
Batavia Muckdogs batting - Pitching for Auburn Doubledays : RHP Steve Schneider
|
|
Batting: SHB Greg Rivera
|
0-0: Foul Ball, location: 2F 0-1: Ball 1-1: SINGLE (Groundball, 4M, EV 97.5 MPH)
|
|
Batting: RHB George Boivin
|
0-0: Ball 1-0: Ball 2-0: Called Strike 2-1: SINGLE (Groundball, 34D, EV 103.1 MPH) Greg Rivera to second Runner from 2nd tries for 3rd, SAFE, throw by RF made to third
|
|
Batting: RHB Hiromitsu Yamada
|
0-0: Ball 1-0: Ball 2-0: Ball 3-0: Called Strike 3-1: TRIPLE (Flyball, 89XD, EV 96.2 MPH) Greg Rivera scores George Boivin scores
|
|
Batting: RHB Jeremy Dennis
|
0-0: Called Strike 0-1: Foul Ball, location: 2F 0-2: Foul Ball, location: 2F 0-2: Foul Ball, location: 2F 0-2: Strikes out swinging
|
|
Batting: RHB Calvin Morin
|
0-0: Foul Ball, location: 2F 0-1: Ball 1-1: Swinging Strike 1-2: Strikes out swinging
|
|
Batting: SHB Justin Corbett
|
0-0: Ground out 4-3 (Groundball, 13, EV 88.8 MPH)
|
| Top of the 5th over - 2 runs, 3 hits, 0 errors, 1 left on base; Batavia 3 - Auburn 0 |
| BOTTOM OF THE 5TH |
|
Auburn Doubledays batting - Pitching for Batavia Muckdogs : RHP Mike Shields
|
|
Batting: RHB Scott Skoglund
|
0-0: Called Strike 0-1: Foul Ball, location: 2F 0-2: Foul Ball, location: 2F 0-2: Foul Ball, location: 2F 0-2: Ball 1-2: Strikes out looking
|
|
Batting: RHB Travis Stanley
|
0-0: Ball 1-0: Ground out 5-3 (Groundball, 56S, EV 63.8 MPH)
|
|
Batting: LHB Adam Jacobs
|
0-0: Swinging Strike 0-1: Fly out, F8 (Flyball, 8LM, EV 78.1 MPH)
|
| Bottom of the 5th over - 0 runs, 0 hits, 0 errors, 0 left on base; Batavia 3 - Auburn 0 |
| TOP OF THE 6TH |
|
Batavia Muckdogs batting - Pitching for Auburn Doubledays : RHP Steve Schneider
|
|
Pitching: RHP Brent Wainwright
|
|
|
Batting: RHB Andy Kelly
|
0-0: Ball 1-0: Ball 2-0: Called Strike 2-1: Ball 3-1: Ground out 6-3 (Groundball, 6M, EV 91.9 MPH)
|
|
Batting: RHB Reomel Somera
|
0-0: Ball 1-0: SINGLE (Groundball, 4MD, EV 94.4 MPH)
|
|
Batting: RHB Justin Dunham
|
Pickoff Throw to First - Error! E1 Reomel Somera to second 0-0: Called Strike 0-1: Ball 1-1: Ball 2-1: Ball 3-1: DOUBLE (Line Drive, 89D, EV 111.9 MPH) Reomel Somera scores
|
|
Batting: SHB Greg Rivera
|
0-0: Foul Ball, location: 2F 0-1: Ball 1-1: Ground out 6-3 (Groundball, 56D, EV 84.4 MPH)
|
|
Batting: RHB George Boivin
|
0-0: Ground out 4-3 (Groundball, 4, EV 83.8 MPH)
|
| Top of the 6th over - 1 run, 2 hits, 1 error, 1 left on base; Batavia 4 - Auburn 0 |
| BOTTOM OF THE 6TH |
|
Auburn Doubledays batting - Pitching for Batavia Muckdogs : RHP Mike Shields
|
|
Batting: RHB Joe Young
|
0-0: Ball 1-0: Called Strike 1-1: Foul Ball, location: 2F 1-2: Strikes out swinging
|
|
Batting: LHB Jim Weidman
|
0-0: Swinging Strike 0-1: Foul Ball, location: 2F 0-2: Ball 1-2: Strikes out swinging
|
|
Batting: LHB Yasuo Igarashi
|
0-0: Ball 1-0: Fly out, F6 (Popup, 4MD, EV 63.8 MPH)
|
| Bottom of the 6th over - 0 runs, 0 hits, 0 errors, 0 left on base; Batavia 4 - Auburn 0 |
| TOP OF THE 7TH |
|
Batavia Muckdogs batting - Pitching for Auburn Doubledays : RHP Brent Wainwright
|
|
Batting: RHB Hiromitsu Yamada
|
0-0: Called Strike 0-1: Ground out 5-3 (Groundball, 5, EV 87.5 MPH)
|
|
Batting: RHB Jeremy Dennis
|
0-0: Ball 1-0: Foul Ball, location: 2F 1-1: Foul Ball, location: 2F 1-2: Ball 2-2: Ball 3-2: Strikes out swinging
|
|
Batting: RHB Calvin Morin
|
0-0: Ground out 1-3 (Groundball, 15S, EV 69.4 MPH)
|
| Top of the 7th over - 0 runs, 0 hits, 0 errors, 0 left on base; Batavia 4 - Auburn 0 |
| BOTTOM OF THE 7TH |
|
Auburn Doubledays batting - Pitching for Batavia Muckdogs : RHP Mike Shields
|
|
Batting: RHB Lamar Thornton
|
0-0: Called Strike 0-1: Ball 1-1: Fly out, F8 (Flyball, 78M, EV 93.1 MPH)
|
|
Batting: RHB Leo Gutierrez
|
0-0: Swinging Strike 0-1: Ball 1-1: Swinging Strike 1-2: Foul Ball, location: 2F 1-2: Ground out 5-3 (Groundball, 56S, EV 83.1 MPH)
|
|
Batting: LHB Vince McLane
|
0-0: Fly out, F1 (Popup, 13, EV 77.5 MPH)
|
| Bottom of the 7th over - 0 runs, 0 hits, 0 errors, 0 left on base; Batavia 4 - Auburn 0 |
| TOP OF THE 8TH |
|
Batavia Muckdogs batting - Pitching for Auburn Doubledays : RHP Brent Wainwright
|
|
Batting: SHB Justin Corbett
|
0-0: Called Strike 0-1: Ball 1-1: Ball 2-1: Foul Ball, location: 2F 2-2: Ball 3-2: Base on Balls
|
|
Batting: RHB Andy Kelly
|
0-0: Called Strike 0-1: Ball Justin Corbett is caught stealing 2nd base 2-4 1-1: Ball 2-1: Ball 3-1: SINGLE (Groundball, 6MD, EV 106.9 MPH) (infield hit)
|
|
Pitching: RHP Tim Schultz
|
|
|
Batting: RHB Reomel Somera
|
0-0: Foul Ball, location: 2F 0-1: Foul Ball, location: 2F 0-2: Hit by Pitch Andy Kelly to second
|
|
Batting: RHB Justin Dunham
|
0-0: Called Strike 0-1: Fly out, F9 (Flyball, 89S, EV 90.0 MPH)
|
|
Batting: SHB Greg Rivera
|
0-0: Ball Andy Kelly is caught stealing 3rd base 2-5
|
| Top of the 8th over - 0 runs, 1 hit, 0 errors, 1 left on base; Batavia 4 - Auburn 0 |
| BOTTOM OF THE 8TH |
|
Auburn Doubledays batting - Pitching for Batavia Muckdogs : RHP Mike Shields
|
|
Batting: RHB Scott Skoglund
|
0-0: Fly out, F4 (Popup, 4D, EV 51.2 MPH)
|
|
Batting: RHB Travis Stanley
|
0-0: Hit by Pitch
|
|
Batting: LHB Adam Jacobs
|
0-0: Ball 1-0: Grounds into double play, 6-4-3 (Groundball, 6, EV 86.9 MPH)
|
| Bottom of the 8th over - 0 runs, 0 hits, 0 errors, 0 left on base; Batavia 4 - Auburn 0 |
| TOP OF THE 9TH |
|
Batavia Muckdogs batting - Pitching for Auburn Doubledays : RHP Tim Schultz
|
|
Batting: SHB Greg Rivera
|
0-0: Ball 1-0: Foul Ball, location: 2F 1-1: Foul Ball, location: 2F 1-2: Ball 2-2: Foul Ball, location: 2F 2-2: Strikes out looking
|
|
Batting: RHB George Boivin
|
0-0: Ball 1-0: Ground out 6-3 (Groundball, 6MS, EV 67.5 MPH)
|
|
Batting: RHB Hiromitsu Yamada
|
0-0: Ball 1-0: Ball 2-0: Called Strike 2-1: Hit by Pitch
|
|
Batting: RHB Jeremy Dennis
|
0-0: Foul Ball, location: 2F 0-1: Foul Ball, location: 2F 0-2: Foul Ball, location: 2F 0-2: Strikes out looking
|
| Top of the 9th over - 0 runs, 0 hits, 0 errors, 1 left on base; Batavia 4 - Auburn 0 |
| BOTTOM OF THE 9TH |
|
Auburn Doubledays batting - Pitching for Batavia Muckdogs : RHP Mike Shields
|
|
Pitching: RHP Glen Patterson
|
|
|
Batting: RHB Joe Young
|
0-0: Ball 1-0: Called Strike 1-1: Called Strike 1-2: Strikes out swinging
|
|
Batting: LHB Jim Weidman
|
0-0: Called Strike 0-1: Ball 1-1: Swinging Strike 1-2: Ball 2-2: Ball 3-2: Ground out 5-3 (Groundball, 56, EV 97.5 MPH)
|
|
Batting: LHB Yasuo Igarashi
|
0-0: Foul Ball, location: 2F 0-1: Called Strike 0-2: Ball 1-2: Ground out U3 (Groundball, 3, EV 88.1 MPH)
|
| Bottom of the 9th over - 0 runs, 0 hits, 0 errors, 0 left on base; Batavia 4 - Auburn 0 |
|